Cogmind - Beta 13 @@@ ROGUE MODE // 2024.04.24 @ 15:06:11 Player: Gabe+Kate4EVR Result: Destroyed by 7B-DF9(z) with Zionite Laser-S Performance ------------- Evolutions (1) 500 Regions Visited (5) 1000 Robots Destroyed (48) 240 Value Destroyed (820) 820 Prototype IDs (4) 80 Alien Tech Used (0) 0 Bonus (0) 0 TOTAL SCORE: 2640 Bonus ------- None Cogmind --------- Core Integrity 0/400 Matter 249/300 Energy 100/100 System Corruption 0% Temperature Cool (45) Movement Core (700) Ox13 Location -7/Deep Caves Parts ------- > --- POWER (1) -------- (None) > --- PROPULSION (4) --- (None) > --- UTILITY (2) ------ High-capacity Storage Unit > --- WEAPON (2) ------- (None) > --- INVENTORY (20) --- Ion Engine Heavy Ion Engine Flight Unit High-capacity Storage Unit Compact Matter Pod (150) Weight Redist. System Improved Terrain Scanner Improved Terrain Scanner EM Shotgun Small Laser Small Laser Autogun Autogun Grenade Launcher Mini Grenade Launcher Datajack Mining Laser Mining Laser Welding Torch Plasma Cutter Peak State ------------ > --- POWER ------------ Light Antimatter Reactor > --- PROPULSION ------- Aluminum Leg Aluminum Leg Carbon-fiber Leg Flexi-carbon Leg > --- UTILITY ---------- High-capacity Storage Unit Structural Scanner > --- WEAPON ----------- Autogun Improved Light Cannon > --- INVENTORY -------- Ion Engine Heavy Ion Engine Flight Unit High-capacity Storage Unit Compact Matter Pod Weight Redist. System Improved Terrain Scanner Improved Terrain Scanner EM Shotgun Small Laser Small Laser Autogun Autogun Grenade Launcher Mini Grenade Launcher Datajack Mining Laser Mining Laser Welding Torch Plasma Cutter [Rating: 26] Favorites ----------- Power Cooled Ion Engine Engine Cooled Ion Engine Power Core Neutrino Core Reactor Light Antimatter Reactor Propulsion Aluminum Leg Treads Light Treads Leg Aluminum Leg Wheel Wheel Flight Unit Flight Unit Utility Structural Scanner Device Structural Scanner Storage High-capacity Storage Unit Hackware Hacking Suite Weapon Improved Light Cannon Energy Gun EM Shotgun Ballistic Gun Autogun Ballistic Cannon Improved Light Cannon Special Weapon Mining Laser Build | -11 -10 -9 -9 -7 -7 ------- Run | Yrd Mat Mat Min Zio Dee Slots Evolved 2 | . . 2 . . . Power . | . . . . . . Propulsion 2 | . . 2 . . . Utility . | . . . . . . Weapon . | . . . . . . Parts Attached 66 | 9 16 17 17 6 1 Power 10 | 1 4 2 . 3 . Engine 7 | 1 4 2 . . . Core 1 | . . . . 1 . Reactor 2 | . . . . 2 . Propulsion 26 | 4 3 9 8 2 . Treads 8 | 2 3 3 . . . Leg 15 | 2 . 5 6 2 . Wheel 1 | . . . 1 . . Hover . | . . . . . . Flight 2 | . . 1 1 . . Utility 11 | 1 5 3 2 . . Device 8 | . 4 2 2 . . Storage 2 | 1 . 1 . . . Processor . | . . . . . . Hackware 1 | . 1 . . . . Protection . | . . . . . . Artifact . | . . . . . . Weapon 19 | 3 4 3 7 1 1 Energy Gun 3 | 1 . 2 . . . Energy Cannon . | . . . . . . Ballistic Gun 11 | 2 4 1 4 . . Ballistic Cannon 2 | . . . 1 . 1 Launcher . | . . . . . . Special Weapon 3 | . . . 2 1 . Impact Weapon . | . . . . . . Slashing Weapon . | . . . . . . Piercing Weapon . | . . . . . . Special Melee Weapon . | . . . . . . Unidentified Prototypes 2 | . . 2 . . . Corrupted Parts 1 | . . 1 . . . System Corruption 1 | . . 1 . . . Parts Lost 11 | . . . 3 . 8 Power 1 | . . . . . 1 Propulsion 6 | . . . 2 . 4 Utility 1 | . . . . . 1 Weapon 3 | . . . 1 . 2 Highest Loss Streak 8 | . . . 1 . 8 To Critical Strikes . | . . . . . . Average Slot Usage (%) 98 | . 96 96 98 100 95 Engine 8 | . 13 11 11 4 . Reactor 2 | . . . . 6 10 Treads 7 | . 27 21 . . . Leg 31 | . . 10 42 44 41 Flight 1 | . . 9 . . . Device 10 | . 9 11 10 11 11 Storage 11 | . 14 11 11 11 11 Energy Gun 2 | . . 15 1 . . Ballistic Gun 13 | . 27 6 10 11 10 Ballistic Cannon 5 | . . . 5 10 10 Special Weapon 1 | . . . 4 . . Naked Turns . | . . . . . . Heaviest Build 62 | 12 13 55 56 62 60 Greatest Support 66 | 40 40 66 40 55 55 Greatest Overweight (x) 13 | 3 3 5 5 1 13 Average Overweight (x) . | . . . 1 1 1 Largest Inventory Capacity 20 | 8 8 20 20 20 20 Average Capacity 17 | 6 8 17 20 20 20 Most Carried 20 | 4 8 20 20 20 20 Average Carried 16 | 2 7 15 19 20 20 Final Capacity 20 | 8 8 20 20 20 20 Final Carried 20 | 4 8 20 20 20 20 Class Distribution -------------------- 53% | Mutant 46% | Scavenger-Mutant Dominant Class ---------------- Mutant | -10/Materials Mutant | -9/Materials Scavenger-Mutant | -9/Mines Mutant | -7/Zion Mutant | -7/Deep Caves Resources | -11 -10 -9 -9 -7 -7 ----------- Run | Yrd Mat Mat Min Zio Dee Matter Collected 1698 | 93 408 242 862 50 43 Remotely . | . . . . . . Salvage Created 1298 | . 261 330 707 . . Parts 90 | . 23 22 45 . . Haulers Intercepted 1 | . . 1 . . . Recyclers Shooed 2 | . . . 2 . . Parts Field Recycled . | . . . . . . Retrieved Matter . | . . . . . . Parts Self-Destructed . | . . . . . . Prevented . | . . . . . . Kills | -11 -10 -9 -9 -7 -7 ------- Run | Yrd Mat Mat Min Zio Dee Combat Hostiles Destroyed 23 | . 2 3 17 . 1 Guns 15 | . 2 3 10 . . Cannons 8 | . . . 7 . 1 Classes Destroyed 10 | . 6 1 2 . 1 Worker 6 | . 3 2 1 . . Builder 2 | . 1 . 1 . . Tunneler 13 | . 1 1 11 . . Hauler 1 | . . 1 . . . Recycler 3 | . 1 1 1 . . Operator 1 | . 1 . . . . Swarmer 4 | . . . 4 . . Grunt 17 | . 2 3 12 . . Brawler 1 | . . . 1 . . Assembled 1 | . . . . . 1 Best Kill Streak 6 | . 3 4 6 . 1 Combat Bots Only 4 | . 1 3 4 . 1 Max Kills in Single Turn 1 | . 1 1 1 . 1 Gunslinging . | . . . . . . Exploded . | . . . . . . Melee . | . . . . . . Uniques/NPCs Destroyed . | . . . . . . Combat | -11 -10 -9 -9 -7 -7 -------- Run | Yrd Mat Mat Min Zio Dee Hostile Shots Fired 195 | . 24 9 101 . 61 Missed 52 | . 4 2 26 . 20 Damage Taken 2329 | . 223 89 786 . 1231 Core 474 | . 56 24 88 . 306 Absorbed by Shields . | . . . . . . Regen/Repaired (Parts) 449 | . . 77 . 372 . Core Remaining (%) 88 | 100 77 . . . . Volleys Fired 136 | . 25 14 88 3 6 Largest 2 | . 2 2 2 2 2 Hottest 123 | . 40 90 123 62 62 Shots Fired 248 | . 50 28 154 6 10 Gun 184 | . 50 28 99 3 4 Cannon 60 | . . . 51 3 6 Launcher . | . . . . . . Special 4 | . . . 4 . . Kinetic 210 | . 50 11 133 6 10 Thermal 4 | . . . 4 . . Explosive . | . . . . . . Electromagnetic 34 | . . 17 17 . . Robot Hit Streak 19 | . 7 19 13 . 3 Robot Miss Streak 4 | . 3 3 4 . 2 Penetration Max . | . . . . . . Secondary Targets 3 | . . . 3 . . Max Gunslinging Chain 1 | . . . 1 . . Shots Hit Robots 153 | . 29 22 98 . 4 Core Hits 73 | . 13 17 41 . 2 Critical Kills . | . . . . . . Critical Parts Destroyed 4 | . . . 4 . . Critical Strikes 6 | . . . 5 . 1 Destroy 4 | . . . 4 . . Blast 2 | . . . 1 . 1 Melee Attacks . | . . . . . . Impact . | . . . . . . Slashing . | . . . . . . Piercing . | . . . . . . Sneak Attacks . | . . . . . . Combat Hostiles . | . . . . . . Follow-up Attacks . | . . . . . . Damage Inflicted 2502 | . 362 375 1691 . 74 Guns 1765 | . 362 375 1016 . 12 Cannons 689 | . . . 627 . 62 Explosions . | . . . . . . Melee . | . . . . . . Ramming . | . . . . . . Kinetic 2072 | . 362 165 1471 . 74 Thermal 48 | . . . 48 . . Explosive . | . . . . . . Electromagnetic 382 | . . 210 172 . . Impact . | . . . . . . Slashing . | . . . . . . Piercing . | . . . . . . Highest Corruption 1 | . . 1 1 1 . Average Corruption 1 | . . 1 1 1 . Corruption Purged . | . . . . . . Corruption Blocked . | . . . . . . Effects 11 | . . . 8 3 . Message Errors 4 | . . . 2 2 . Matter Fused 1 | . . . 1 . . Heat Flow Errors 2 | . . . 2 . . Energy Discharges 1 | . . . 1 . . Data Loss (minor) 1 | . . . 1 . . Data Loss (major) 1 | . . . . 1 . Misfires 1 | . . . 1 . . Overload Shots . | . . . . . . Overflow Damage 7 | . . . 7 . . Projectiles 7 | . . . 7 . . Explosions . | . . . . . . Melee . | . . . . . . Knockbacks 2 | . . . . . 2 Impact . | . . . . . . Kinetic 2 | . . . . . 2 Secondary . | . . . . . . Self-Inflicted Damage . | . . . . . . Shots . | . . . . . . Rammed . | . . . . . . Targets Rammed . | . . . . . . Kicked . | . . . . . . Crushed . | . . . . . . Highest Temperature 273 | . 5 48 273 48 78 Average Temperature 28 | . 5 13 30 22 36 Received Heat Transfer 812 | . 120 51 270 . 371 Effects 2 | . . . 2 . . Interference 2 | . . . 2 . . Siege Activations . | . . . . . . Robots Corrupted . | . . . . . . Combat Hostiles . | . . . . . . Parts Fried . | . . . . . . Impact Corruptions . | . . . . . . Robots Melted . | . . . . . . Combat Hostiles . | . . . . . . Parts Melted . | . . . . . . Heat Transferred 100 | . . . 100 . . Parts Sabotaged . | . . . . . . Parts Stolen . | . . . . . . Parts Stripped . | . . . . . . Power Chain Reactions . | . . . . . . Alert | -11 -10 -9 -9 -7 -7 ------- Run | Yrd Mat Mat Min Zio Dee Peak Influence 197 | . 102 80 197 . . Initial 31 | . . . 31 . . Average 52 | . 29 19 78 . . Maximum Alert Level . | . . . . . . Low Security (%) 100 | 100 100 100 100 . . Level 1 . | . . . . . . Level 2 . | . . . . . . Level 3 . | . . . . . . Level 4 . | . . . . . . Level 5 . | . . . . . . High Security . | . . . . . . Max Security . | . . . . . . Squads Dispatched 3 | . 2 . 1 . . Investigation . | . . . . . . Extermination . | . . . . . . Reinforcement 3 | . 2 . 1 . . Assault . | . . . . . . Garrison . | . . . . . . Intercept . | . . . . . . Searches Triggered . | . . . . . . Construction Impeded 1 | . . . 1 . . Haulers Reinforced . | . . . . . . Active Scanning Responses . | . . . . . . Cargo Convoy Interrupts . | . . . . . . Stealth | -11 -10 -9 -9 -7 -7 --------- Run | Yrd Mat Mat Min Zio Dee Distress Signals . | . . . . . . Communications Jammed . | . . . . . . Distress Signals . | . . . . . . Times Spotted 41 | . 8 6 16 . 11 Peak Tracking Total 8 | . 3 3 4 . 8 Tactical Retreats . | . . . . . . Traps | -11 -10 -9 -9 -7 -7 ------- Run | Yrd Mat Mat Min Zio Dee Traps Triggered 5 | . 5 . . . . Indirectly . | . . . . . . Trap Hack Attempts . | . . . . . . Triggered . | . . . . . . Disarmed . | . . . . . . Reprogrammed . | . . . . . . Reused . | . . . . . . Traps Extracted . | . . . . . . Installed . | . . . . . . Triggered . | . . . . . . Machines | -11 -10 -9 -9 -7 -7 ---------- Run | Yrd Mat Mat Min Zio Dee Machines Disabled 3 | . . . 1 . 2 Max in Single Turn 1 | . . . 1 . . Machines Repaired . | . . . . . . Machines Dismantled 3 | . . . . 3 . Machines Sabotaged . | . . . . . . Overloaded Fab Kills . | . . . . . . Hacking | -11 -10 -9 -9 -7 -7 --------- Run | Yrd Mat Mat Min Zio Dee Machines Accessed 2 | . 1 1 . . . Terminals 1 | . 1 . . . . Fabricators . | . . . . . . Repair Stations 1 | . . 1 . . . Recycling Units . | . . . . . . Scanalyzers . | . . . . . . Garrison Access . | . . . . . . Total Hacks 6 | . 4 2 . . . Successful 4 | . 2 2 . . . Failed 2 | . 2 . . . . Catastrophic . | . . . . . . Database Lockouts . | . . . . . . Manual 4 | . 4 . . . . Terminals 4 | . 4 . . . . Fabricators . | . . . . . . Repair Stations 2 | . . 2 . . . Recycling Units . | . . . . . . Scanalyzers . | . . . . . . Garrison Access . | . . . . . . Terminal Hacks 2 | . 2 . . . . Prototype ID Bank 2 | . 2 . . . . Fabricator Hacks . | . . . . . . Repair Station Hacks 2 | . . 2 . . . Scan Component 1 | . . 1 . . . Repair 1 | . . 1 . . . Recycling Unit Hacks . | . . . . . . Scanalyzer . | . . . . . . Garrison Access Hacks . | . . . . . . Unauthorized Hacks . | . . . . . . Terminals . | . . . . . . Fabricators . | . . . . . . Repair Stations . | . . . . . . Recycling Units . | . . . . . . Scanalyzers . | . . . . . . Garrison Access . | . . . . . . Data Cores Recovered 1 | . 1 . . . . Used 1 | . 1 . . . . Hacking Detections 2 | . 1 1 . . . Full Trace Events 1 | . 1 . . . . Feedback Events . | . . . . . . Feedback Blocked . | . . . . . . Robot Schematics Acquired 4 | . . . . 4 . Robots Built . | . . . . . . Authchips . | . . . . . . Time . | . . . . . . Total Robot Build Rating . | . . . . . . Part Schematics Acquired 14 | . . . . 14 . Parts Built . | . . . . . . Authchips . | . . . . . . Time . | . . . . . . Total Part Build Rating . | . . . . . . Parts Repaired 1 | . . 1 . . . Time 26 | . . 26 . . . Parts Recycled . | . . . . . . Recycled Matter . | . . . . . . Retrieved Matter . | . . . . . . Retrieved Components . | . . . . . . Parts Scanalyzed . | . . . . . . Part Schematics Acquired . | . . . . . . Parts Damaged . | . . . . . . Bothacking | -11 -10 -9 -9 -7 -7 ------------ Run | Yrd Mat Mat Min Zio Dee Used RIF Installer . | . . . . . . Robots Hacked . | . . . . . . Non-combat . | . . . . . . Combat . | . . . . . . Robot Hacks Applied . | . . . . . . Relay Couplers Released . | . . . . . . Fabnet Peak Effective % . | . . . . . . Robots Rewired . | . . . . . . Allies Hacked . | . . . . . . Hacks Repelled . | . . . . . . Allies | -11 -10 -9 -9 -7 -7 -------- Run | Yrd Mat Mat Min Zio Dee Total Allies 1 | . . . . . 1 Largest Group 1 | . . . . . 1 Highest-Rated Group 119 | . . . . . 119 Highest-Rated Ally 119 | . . . . . 119 Total Orders . | . . . . . . Ally Attacks 13 | . . . . . 13 Total Damage 466 | . . . . . 466 Kills 4 | . . . . . 4 Allies Corrupted . | . . . . . . Allies Melted . | . . . . . . Intel | -11 -10 -9 -9 -7 -7 ------- Run | Yrd Mat Mat Min Zio Dee Robot Analysis Total . | . . . . . . Derelict Logs Recovered 3 | . . . 2 1 . Drone Launches . | . . . . . . Drone Recoveries . | . . . . . . Exploration | -11 -10 -9 -9 -7 -7 ------------- Run | Yrd Mat Mat Min Zio Dee Turns Passed 4859 | 99 853 518 1648 1503 238 Spaces Moved 2124 | 62 459 209 539 739 116 Core 11 | 5 5 . . . 1 Treads 666 | 28 454 184 . . . Legs 1434 | 29 . 25 526 739 115 Wheels 13 | . . . 13 . . Hover . | . . . . . . Flight . | . . . . . . Fastest Speed 50 | 50 100 160 155 190 120 Average Speed 182 | 134 159 191 189 190 193 Slowest Speed 700 | 200 200 470 470 190 700 Overloaded Moves . | . . . . . . Propulsion Burnouts . | . . . . . . Robots Hopped . | . . . . . . Cave-ins Triggered . | . . . . . . Exploration Rate (%) 48 | 4 65 17 98 79 25 Regions Visited 5 Branch Regions 3 Pre-discovered Areas 2 | . . . 1 1 . Known Exits Taken 1 | . . . . 1 . Unknown Exits Taken 4 | 1 1 1 1 . . Scrap Searched 7 | . . . 3 4 . Spaces Dug 1 | . . . 1 . . Terrain Destroyed 3 | . . . 3 . . Melee . | . . . . . . Projectile 3 | . . . 3 . . AOE . | . . . . . . Terrain Rammed . | . . . . . . Walls Destroyed . | . . . . . . Machines Disabled . | . . . . . . Actions | -11 -10 -9 -9 -7 -7 --------- Run | Yrd Mat Mat Min Zio Dee Total 2821 | 74 529 301 1015 779 123 Wait 387 | . 6 31 350 . . Move 2119 | 61 458 208 538 738 116 Hop . | . . . . . . Pick Up 33 | 2 12 13 6 . . Fast Attach 49 | 8 13 14 10 4 . Attach 3 | . 1 1 1 . . Detach 7 | 2 1 4 . . . Swap 14 | 1 2 2 6 2 1 Drop 46 | . 11 14 16 5 . Fire 136 | . 25 14 88 3 6 Melee . | . . . . . . Ram . | . . . . . . Kick . | . . . . . . Crush . | . . . . . . Escape Stasis . | . . . . . . Rewire . | . . . . . . Trap . | . . . . . . Miscellaneous 27 | . . . . 27 . Route ------- -11/Scrapyard -10/Materials (discovered 2 exits: *Mat x2) -9/Materials -9/Mines (discovered 3 exits: [*Mat x2] / [*Zio]) -7/Zion -7/Deep Caves History --------- Turn | Location | Event 2 | -11/Scrapyard | Met Revision 17 2 | -11/Scrapyard | Discovered new exit (range 16) 100 | -11/Scrapyard | Entered Materials 302 | -10/Materials | Build established: Mutant 662 | -10/Materials | Discovered new exit (range 4) 925 | -10/Materials | Discovered new exit (range 16) 953 | -10/Materials | Entered another Materials area 953 | -9/Materials | Evolved 2 slots: Propulsion x2 1140 | -9/Materials | Repaired Lgt. Treads 1435 | -9/Materials | Discovered new exit (range 16) 1471 | -9/Materials | Entered Mines 1487 | -9/Mines | Discovered new exit (range 14) 1912 | -9/Mines | Build established: Scavenger-Mutant 1977 | -9/Mines | Learned location of Zion (-7) 2007 | -9/Mines | Learned location of 1 exit from Materials 2068 | -9/Mines | Excavation squad dispatched 2068 | -9/Mines | A large section of the Mines collapsed 2308 | -9/Mines | Found a hidden stash of uninstalled traps 2318 | -9/Mines | Excavation squad dispatched 3058 | -9/Mines | Discovered new exit (range 10) 3059 | -9/Mines | A Derelict revealed a hidden shortcut to a safe place 3119 | -9/Mines | Entered Zion 3285 | -7/Zion | System corruption cleaned by Quarantine Array 3488 | -7/Zion | Received a visual enhancement algorithm 3663 | -7/Zion | Identified exit to Deep Caves 3835 | -7/Zion | Visited the Megawrench Repair Shop 3835 | -7/Zion | Megawrench repaired 8 parts 4056 | -7/Zion | Build established: Mutant 4614 | -7/Zion | Saw the warning signs outside the Deep Caves entrance 4622 | -7/Zion | Entered Deep Caves 4624 | -7/Deep Caves | Met 5H-AD0 4805 | -7/Deep Caves | Z-Facility disabled 4831 | -7/Deep Caves | Attacked by Z-Imprinter 4851 | -7/Deep Caves | Core integrity fell below 50% 4856 | -7/Deep Caves | Core integrity fell below 20% 4860 | -7/Deep Caves | Destroyed by 7B-DF9(z) with Zionite Laser-S Last Messages --------------- 04636_ HV Slug penetrates as-97539. 04636_ as-97539 suffers critical hit (Destroy). 04636_ HV Slug penetrates Machine. 04638_ as-97539 destroyed. 04647_ Acquired 5 matter. 04648_ Acquired 13 matter. 04654_ Acquired 1 matter. 04656_ Acquired 4 matter. 04666_ Acquired 20 matter. 04801_ NEW_ZION: Z-Facility proximity alert. Z-Imprinter: GET AWAY FROM HERE! I've worked too hard for our future just to have you ruin everything! 04841_ Lgt. Antimatter Reactor destroyed. 04844_ Carbon-fiber Leg destroyed. 04846_ Autogun destroyed. 04852_ Aluminum Leg destroyed. 04854_ Flexi-carbon Leg destroyed. 04855_ Imp. Light Cannon destroyed. 04856_ Aluminum Leg destroyed. 04860_ Structural Scanner destroyed. Map ----- +----------------------------------------------------+ | | | | | | | | | | | | | | | | | | | | | | | | | | | ????????????????????????#################????????? | | ?????????????????????#########;###########???????? | | ????????????????## ?###### ###??#####? | | ?????????###????## ### ########## | | ?????????######?## ### ###### ### | | ?????????# # ### ## ## # ## | | ????????? ;# "# | | ????????? zz | | ???????? z | | ???????? z z | | ???????? I z z | | ???????? " "" " | | ???????? """@"""""""""" | | ????????? """""""""""" | | ????????? """""""""""""" | | ?????????? """"""""""" | | ?????????? """""""""??""" | | ???????????? """"""""???""" | | ???????????? ??"""????????" | | ?????????????? ? ??????????????" | | ??????????????? ??????????????????? | | ???????????????????????????????????? | | ????????????????????????????????????????????? | | ??????????????????????????????????????????????? | | ???????????????????????????????????????????????? | | ????????????????????????????????????????????????? | | ?????????????????????????????????????????????????? | | ?????????????????????????????????????????????????? | | ?????????????????????????????????????????????????? | | ?????????????????????????????????????????????????? | | ?????????????????????????????????????????????????? | | ?????????????????????????????????????????????????? | | ?????????????????????????????????????????????????? | | ?????????????????????????????????????????????????? | | ?????????????????????????????????????????????????? | | ?????????????????????????????????????????????????? | | ?????????????????????????????????????????????????? | +----------------------------------------------------+ Best States ------------- Heat Dissipation 28 Energy Generation 21 Energy Capacity 280 Matter Stores 300 Matter Capacity 300 Sight Range 16 Terrain Scan Density 10 Additional Mass Support 6 Evasion (%) 55 Recoil Reduction 3 Offensive Hacking 10 Item Schematics ----------------- Mak. Shrapnel Gun | -7/Zion | Archive Power Sword | -7/Zion | Archive Power Maul | -7/Zion | Archive 0b10 Decoder Chip [Looter] | -7/Zion | Archive Imp. Melee Analysis Suite | -7/Zion | Archive Imp. Dynamic Insulation System | -7/Zion | Archive Neutrino Core | -7/Zion | Archive Imp. Titanium Leg | -7/Zion | Archive Arm. Leg | -7/Zion | Archive Gauss Rifle | -7/Zion | Archive Hvy. Machine Gun | -7/Zion | Archive Imp. Deuterium Engine | -7/Zion | Archive Mak. Leg | -7/Zion | Archive Mak. Transmission Jammer | -7/Zion | Archive Robot Schematics ------------------ A-02 Transporter | -7/Zion | Archive S-27 Virus | -7/Zion | Archive B-48 Gladiator | -7/Zion | Archive Y-72 Warden | -7/Zion | Archive Fabricated ------------ Nothing Alien Tech Used ----------------- None Achievements -------------- None Challenges ------------ None Game ------ Seed LightningElectronCompactor Manual? 0 Play Time 00:20:52 Cumulative 119.1 hours Start 2024.04.24 @ 14:41:08 End 2024.04.24 @ 15:06:11 Sessions 1 Manual Loads 0 Difficulty Rogue Special Mode None Game No. 243 Rogue 243 Adventurer 0 Explorer 0 Win Type - Total 0 Types 0/0/0/0/0/0/0/0/0 Lore% 34 Gallery% 53 Achievement% 37 Wizard Run 0 Options --------- Layout 0 ASCII 0 Keyboard 1 Movement Numpad Keybinds 0 Fullscreen 2 Font 18/X11 Map View 76x50 Zoom Use 0% Tactical HUD 1 Map Filters NONE Filters NONE Steam 1 RUN: 680086ca-13e2-415c-8309-9adbec13adb0